 Dungeon Crawl Stone Soup version 0.26.1-11-gd32895ea62 (webtiles) character file.

Game seed: 11994732249206100810

6204 Almogavar the Basher (level 10, -2/64 HPs)
             Began as a Gargoyle Berserker on Apr 24, 2021.
             Was a High Priest of Trog.
             Killed by divine providence
             ... invoked by an orc priest
              (11 damage)
             ... on level 10 of the Dungeon.
             The game lasted 00:27:00 (11146 turns).

Almogavar the Basher (Gargoyle Berserker)          Turns: 11146, Time: 00:27:01

Health: -2/64      AC: 33    Str: 30    XL:     10   Next: 92%
Magic:  10/10      EV: 10    Int: 15    God:    Trog [*****.]
Gold:   379        SH:  0    Dex:  9    Spells: 9/9 levels left

rFire    x . .     SeeInvis +   s - +1 flail (venom)
rCold    . . .     Faith    .   (no shield)
rNeg     + . .     Spirit   .   D - +10 chain mail "Wiukk" {rElec rC- Int+7}
rPois    ∞         Reflect  .   i - +1 helmet {SInv}
rElec    +         Harm     .   m - +0 cloak
rCorr    .         Rampage  .   (no gloves)
Will     .....                  d - +0 pair of boots
Stlth    ..........             z - amulet of regeneration
HPRegen  0.60/turn              n - +6 ring of strength
MPRegen  0.12/turn              C - ring of ice

@: berserk cooldown, slowed, very slow
A: negative energy resistance 1, electricity resistance, unbreathing,
petrification resistance, miasma immunity, AC +7
a: Renounce Religion, Berserk, Trog's Hand, Brothers in Arms


You were on level 10 of the Dungeon.
You worshipped Trog.
Trog was extremely pleased with you.
You visited 1 branch of the dungeon, and saw 10 of its levels.

You collected 412 gold pieces.
You spent 33 gold pieces at shops.

Inventory:

Hand Weapons
 s - a +1 flail of venom (weapon)
 x - a +0 hand crossbow
 H - a +2 flail of protection
Missiles
 j - 108 arrows
 r - 65 bolts
Armour
 d - a +0 pair of boots (worn)
 i - a +1 helmet of see invisible (worn)
 m - a +0 cloak (worn)
 D - the +10 chain mail "Wiukk" (worn) {rElec rC- Int+7}
   (You found it on level 9 of the Dungeon)

   It affects your intelligence (+7).
   It makes you vulnerable to cold.
   It insulates you from electricity.
Jewellery
 n - a +6 ring of strength (left hand)
 z - an amulet of regeneration (around neck)
 C - a ring of ice (right hand)
Wands
 l - a wand of iceblast (5)
 A - a wand of acid (8)
 B - a wand of flame (12)
 E - a wand of disintegration (14)
 F - a wand of enslavement (10)
Scrolls
 a - a scroll of remove curse
 b - 5 scrolls of teleportation
 e - a scroll of silence
 o - a scroll of enchant weapon
 t - a scroll of fog
 u - a scroll of fear {unknown}
 w - a scroll of magic mapping
Potions
 c - a potion of heal wounds
 f - 2 potions of flight
 g - 8 potions of curing
 p - a potion of might
 q - a potion of degeneration {unknown}
Miscellaneous
 G - a box of beasts


   Skills:
 + Level 7.9 Fighting
 + Level 11.5 Maces & Flails
 + Level 1.8 Crossbows
 + Level 9.2 Armour
 + Level 3.5 Dodging
 + Level 2.3 Stealth


You had 9 spell levels left.
You didn't know any spells.
Your spell library was empty.

Dungeon Overview and Level Annotations

Branches:
Dungeon (10/15)            Temple (0/1) D:7            Lair (0/6) D:10
    Orc: D:9-12

Altars:
Cheibriados
Dithmenos
Elyvilon
Fedhas
Kikubaaqudgha
Makhleb
Okawaru
Qazlal
Sif Muna
Uskayaw
Vehumet
Yredelemnul

Shops:
D:4 !   D:9 =


Innate Abilities, Weirdness & Mutations

You are resistant to torment.
Your stone body is resilient. (AC +7)
You are immune to poison.
You resist negative energy. (rN+)
You are resistant to electric shocks. (rElec)
You can survive without breathing.
You are immune to petrification.
You are immune to miasma.


Message History

You hear a shout!
Unknown command.
You feel a strong urge to attack something.
You are no longer berserk.
You are exhausted.
You feel yourself slow down.
Things that are here:
a +0 flail; a +0 ring mail; an orc corpse The orc misses you.
You sock the orc!
You kill the orc!
Trog accepts your kill.
You closely miss the orc priest.
The orc priest calls down the wrath of Beogh upon you.
Beogh smites you!
* * * LOW HITPOINT WARNING * * *
You barely miss the orc priest.
The orc priest mumbles some strange prayers to Beogh against you.
Beogh smites you!
You die...

.
#.###.#..#.#####.
#.# #.#..#.......
#.###.##.#######.
##.....##.##......
#
#.....###.##."....
#####.
#.###.###.######..
....#. #.#
#....>##.[)...
....8.# #.#
#.........)...
..(.o.. #@#
##.#####.##.##
.⌠h.8.)##o#
#.#.....##.#
#.o).h#
#...######.#
#.###### ###....#
#.# # ... #....#
#.# .## .. #..###
#.# .....#. #..#
.# .....#.###..#
...........####


You could see a howler monkey and an orc priest.

Vanquished Creatures
  Erolcha (D:9)
  Erica (D:9)
  Psyche (D:9)
  A wraith (D:10)
  A wyvern (D:8)
  A water moccasin (D:8)
  2 ice beasts
  6 orc warriors
  4 centaurs
  7 ogres
  Blork the orc (D:3)
  A big kobold (D:7)
  4 bullfrogs
  2 scorpions
  A water moccasin skeleton (D:4)
  4 howler monkeys
  5 wights (D:7)
  A crimson imp (D:4)
  2 centaur zombies
  A quasit (D:6)
  6 orc priests
  3 hounds (D:5)
  7 jellies
  3 bullfrog skeletons
  Crazy Yiuf (D:2)
  2 iguanas
  7 orc wizards
  10 worker ants
  2 hound zombies (D:5)
  2 hound skeletons
  9 gnolls
  16 adders
  2 white imps
  An ufetubus (D:6)
  2 oozes (D:2)
  An adder skeleton (D:9)
  2 worms
  3 dart slugs
  2 leopard geckos
  36 orcs
  3 giant cockroaches (D:2)
  8 hobgoblins
  2 jackals (D:3)
  5 quokkas
  2 ball pythons (D:2)
  6 bats
  5 frilled lizards
  2 gnoll zombies (D:6)
  8 goblins
  13 kobolds
  A quokka skeleton (D:4)
  9 rats
228 creatures vanquished.

Vanquished Creatures (others)
  21 plants
21 creatures vanquished.

Grand Total: 249 creatures vanquished

Notes
Turn   | Place    | Note
-------+----------+-------------------------------------------
     0 | D:1      | Almogavar the Gargoyle Berserker began the quest for the
                  | Orb.
     0 | D:1      | Reached XP level 1. HP: 14/14 MP: 1/1
    63 | D:1      | Reached XP level 2. HP: 15/19 MP: 2/2
   923 | D:2      | Reached XP level 3. HP: 7/24 MP: 3/3
  1252 | D:2      | Reached ** piety under Trog
  1450 | D:2      | Found a blossoming altar of Fedhas.
  1461 | D:2      | Reached XP level 4. HP: 26/29 MP: 4/4
  1653 | D:2      | Reached skill level 4 in Maces & Flails
  1866 | D:2      | Found a runed translucent door.
  1867 | D:2      | Noticed Crazy Yiuf
  2179 | D:2      | Killed Crazy Yiuf
  2180 | D:2      | Reached XP level 5. HP: 33/33 MP: 5/5
  2949 | D:3      | Found an ancient bone altar of Kikubaaqudgha.
  2999 | D:3      | Noticed Blork the orc
  3006 | D:3      | Found a shimmering blue altar of Sif Muna.
  3141 | D:3      | Reached *** piety under Trog
  3391 | D:4      | Reached XP level 6. HP: 36/39 MP: 6/6
  3417 | D:4      | Reached skill level 5 in Maces & Flails
  3458 | D:4      | Reached skill level 1 in Stealth
  3742 | D:4      | Reached XP level 7. HP: 43/44 MP: 7/7
  3839 | D:4      | Reached skill level 5 in Fighting
  3839 | D:4      | Reached skill level 6 in Maces & Flails
  4233 | D:4      | Found Saggago's Distillery.
  4239 | D:4      | Bought a potion of curing for 33 gold pieces
  4259 | D:4      | Found a burning altar of Makhleb.
  4260 | D:4      | Found a radiant altar of Vehumet.
  4709 | D:4      | Found a hide-covered altar of Uskayaw.
  5000 | D:5      | Entered Level 5 of the Dungeon
  5035 | D:5      | Reached XP level 8. HP: 49/49 MP: 8/8
  5170 | D:5      | Reached skill level 7 in Maces & Flails
  5170 | D:5      | Reached skill level 5 in Armour
  5624 | D:5      | Found a stormy altar of Qazlal.
  6346 | D:6      | Reached **** piety under Trog
  6347 | D:6      | Reached skill level 8 in Maces & Flails
  6457 | D:6      | Reached XP level 9. HP: 36/55 MP: 9/9
  6773 | D:6      | Found a basalt altar of Yredelemnul.
  7627 | D:7      | Reached skill level 9 in Maces & Flails
  7705 | D:7      | Found a burning altar of Makhleb.
  7705 | D:7      | Noticed a balrug
  7708 | D:7      | Noticed an orange demon
  7708 | D:7      | Noticed an orange demon
  7851 | D:7      | Identified the cursed +2 rapier of the Lumpy Visions
                  | {vorpal, +Blink rPois rC+}
  8080 | D:7      | Found a staircase to the Ecumenical Temple.
  8266 | D:7      | Found a shadowy altar of Dithmenos.
  8663 | D:3      | Found a snail-covered altar of Cheibriados.
  8663 | D:3      | Found a faded altar of an unknown god.
  8801 | D:3      | Killed Blork the orc
  9324 | D:8      | Reached skill level 1 in Crossbows
  9336 | D:8      | Found a blossoming altar of Fedhas.
  9377 | D:8      | Found an iron altar of Okawaru.
 10078 | D:9      | Reached XP level 10. HP: 61/61 MP: 10/10
 10086 | D:9      | Got a shimmering chain mail
 10097 | D:9      | Identified the +10 chain mail "Wiukk" {rElec rC- Int+7}
                  | (You found it on level 9 of the Dungeon)
 10114 | D:9      | Found Cuguaman's Jewellery Boutique.
 10135 | D:9      | Reached skill level 10 in Maces & Flails
 10297 | D:9      | Noticed Erica
 10307 | D:9      | Killed Erica
 10403 | D:9      | Noticed Erolcha
 10415 | D:9      | Killed Erolcha
 10512 | D:9      | Noticed Psyche
 10523 | D:9      | Killed Psyche
 10727 | D:10     | Entered Level 10 of the Dungeon
 10775 | D:10     | Reached skill level 11 in Maces & Flails
 10959 | D:10     | Found a white marble altar of Elyvilon.
 10959 | D:10     | Found a staircase to the Lair.
 11041 | D:10     | Reached ***** piety under Trog
 11146 | D:10     | Killed from afar by an orc priest

Illustrated notes

Levels and vault maps discovered:
D:1:      wander_arrival_desolate, layout_loops_ring
D:2:      layout_loops_cross, old_standard_altar, minmay_hexomino_c4,
          uniq_crazy_yiuf_cottage
D:3:      layout_loops_corners, kiku_gazebo_pond_becter, tgw_sif,
          chequers_temple_overflow_minitemple
D:4:      layout_loops_ring, grunt_temple_overflow_lords_of_destruction,
          marbit_many_paths, serial_shops, shop, minmay_misc_feat_room
D:5:      layout_loops_ring, nicolae_qazlal_eye_of_the_storm, bh_walls_and_bars
D:6:      layout_basic, lemuel_zombie_altar_yredelemnul, serial_bayou_lagoon_a
D:7:      layout_loops_ring, overflow_temple_1_default,
          minmay_temple_entry_overgrown, makhleb_altar_promises_db
D:8:      layout_basic, okawaru_altar_gauntlet_db, basic_altar
D:9:      layout_small_grid, serial_shops, shop, uniq_psyche, uniq_erica,
          uniq_erolcha
D:10:     layout_basic, lair_entry_dummy, david_orc_5, minivault_10,
          elyvilon_altar_5

Skill      XL: |  1  2  3  4  5  6  7  8  9 10 |
---------------+-------------------------------+-----
Fighting       | 4 5 6 7 |  7.9
Dodging        | 2 3 |  3.5
Maces & Flails | 4 5 6 8 9 11 | 11.5
Armour         | 3 4 6 7 9 |  9.2
Stealth        | 1 2 |  2.3
Crossbows      | 1 |  1.8

Action                   |  1- 3 |  4- 6 |  7- 9 | 10-12 || total
-------------------------+-------+-------+-------+-------++-------
Melee: Mace              |    94 |   201 |   426 |       ||   721
       Flail             |       |       |    63 |   161 ||   224
 Fire: Hand crossbow     |       |       |     9 |     2 ||    11
Invok: Berserk           |     2 |     2 |     7 |     2 ||    13
       Trog's Hand       |       |       |     1 |     3 ||     4
  Use: Scroll            |       |     8 |     8 |     3 ||    19
       Potion            |       |       |     1 |       ||     1
 Stab: Sleeping          |     1 |       |       |       ||     1
Armor: Animal skin       |    28 |       |       |       ||    28
       Ring mail         |    11 |    56 |       |       ||    67
       Chain mail        |       |    59 |   254 |    80 ||   393
Dodge: Dodged            |    72 |   117 |   208 |    70 ||   467
